 Dungeon Crawl Stone Soup version 0.18.1-48-g4cf74bf (webtiles) character file.

91 Galewin the Chopper (level 4, 0/39 HPs)
             Began as a Minotaur Berserker on July 31, 2016.
             Was a Believer of Trog.
             Slain by a hobgoblin
             ... wielding a +0 club
             ... led by Robin
              (2 damage)
             ... on level 3 of the Dungeon.
             The game lasted 00:02:33 (1298 turns).

Galewin the Chopper (Minotaur Berserker)            Turns: 1298, Time: 00:02:33

Health: 0/39       AC:  3    Str: 22    XL:     4   Next: 34%
Magic:  3/3        EV: 12    Int:  4    God:    Trog [**....]
Gold:   79         SH:  0    Dex: 10    Spells: 0 memorised, 3 levels left

rFire  . . .     SeeInvis .     a - +0 hand axe
rCold  . . .     Gourm    .     b - +0 animal skin
rNeg   . . .     Faith    .     (no shield)
rPois  .         Spirit   .     (helmet restricted)
rElec  .         Dismiss  .     (no cloak)
rCorr  .         Reflect  .     d - +0 pair of gloves
SustAt .         Harm     .     (no boots)
MR     .....                    (no amulet)
Stlth  +.........               (no ring)
                                (no ring)

@: exhausted, slowed, very slow, not resistant to hostile enchantments, very
unstealthy
A: retaliatory headbutt, horns 2
a: Berserk, Trog's Hand, Burn Spellbooks, Renounce Religion


You were on level 3 of the Dungeon.
You worshipped Trog.
Trog was pleased with you.
You were very hungry.

You visited 1 branch of the dungeon, and saw 3 of its levels.

You collected 79 gold pieces.

Inventory:

Hand Weapons
 a - a +0 hand axe (weapon)
 w - a +0 club
Armour
 b - a +0 animal skin (worn)
 d - a +0 pair of gloves (worn)
Scrolls
 f - 6 scrolls of identify {unknown}
 h - a scroll of teleportation {unknown}
 k - 2 scrolls of enchant weapon {unknown}
 l - 2 scrolls of noise {unknown}
 m - a scroll of immolation {unknown}
 n - a scroll of random uselessness {unknown}
 p - a scroll of amnesia {unknown}
 q - 2 scrolls of remove curse {unknown}
Potions
 e - a potion of magic {unknown}
 g - a potion of haste {unknown}
 i - a potion of curing {unknown}
 o - a potion of cancellation {unknown}
 r - a potion of brilliance {unknown}
 s - a potion of degeneration {unknown}
 t - a potion of lignification {unknown}
 v - a potion of flight {unknown}
Comestibles
 c - a bread ration
 j - a meat ration
 u - 5 chunks of flesh


   Skills:
 - Level 3.6 Fighting
 + Level 6.3 Axes
 - Level 2.4 Armour
 - Level 2.1 Dodging


You had 3 spell levels left.
You didn't know any spells.

Dungeon Overview and Level Annotations

Branches:
Dungeon (3/15)

Altars:
Yredelemnul


Innate Abilities, Weirdness & Mutations

You reflexively headbutt those who attack you in melee.
You have a pair of horns on your head.


Message History

You are feeling very hungry.
You hear a shout!
You hit the hobgoblin.
The hobgoblin is moderately wounded.
The hobgoblin barely misses you.
You hit the hobgoblin.
The hobgoblin is heavily wounded.
The hobgoblin hits you with a club.
* * * LOW HITPOINT WARNING * * *
The hobgoblin closely misses you.
You barely miss the hobgoblin.
The hobgoblin is heavily wounded.
The hobgoblin hits you with a club.
* * * LOW HITPOINT WARNING * * *
You completely miss the hobgoblin. Your headbutt misses the hobgoblin.
The hobgoblin is heavily wounded.
The goblin no longer looks unusually strong.
The hobgoblin no longer looks unusually strong.
The hobgoblin hits you with a club.
You die...

##. #<# ...### ... ..
#..... #.# #..
.......> #.# #.#
#.#.#... ##.###.#
#.#.#... ......#
#.#....) #.####.# #.#
#.#.#...
#.gg@).###.###.......
#..###.†((..[...#.#.#
#. #.###........... #
#.# #######.##.# ..#
###### .### #. #


You could see a hobgoblin and a goblin.

Vanquished Creatures
  Robin (D:3)
  2 adders (D:3)
  A dart slug (D:3)
  4 orcs (D:3)
  9 bats
  5 giant cockroaches
  15 goblins
  4 hobgoblins
  A kobold (D:2)
  A quokka (D:3)
  3 giant newts
  4 rats
50 creatures vanquished.

Notes
Turn   | Place    | Note
--------------------------------------------------------------
     0 | D:1      | Galewin the Minotaur Berserker began the quest for the Orb.
     0 | D:1      | Reached XP level 1. HP: 19/19 MP: 0/0
    35 | D:1      | Reached skill level 4 in Axes
   117 | D:1      | Reached XP level 2. HP: 26/26 MP: 1/1
   847 | D:2      | Found a basalt altar of Yredelemnul.
   880 | D:2      | Reached skill level 5 in Axes
   909 | D:2      | Reached XP level 3. HP: 26/31 MP: 2/2
   911 | D:2      | Reached ** piety under Trog
  1252 | D:3      | Reached XP level 4. HP: 19/39 MP: 3/3
  1252 | D:3      | Reached skill level 6 in Axes
  1281 | D:3      | Noticed Robin
  1294 | D:3      | Killed Robin
  1298 | D:3      | Slain by a hobgoblin

Skill      XL: |  1  2  3  4 |
---------------+-------------+-----
Axes           | 4 5 6 |  6.3
Fighting       | |  3.6
Armour         | |  2.4
Dodging        | |  2.1

Action                   |  1- 3 |  4- 6 || total
-------------------------+-------+-------++-------
Melee: Hand axe          |    71 |    11 ||    82
       Headbutt          |     6 |       ||     6
Invok: Berserk           |       |     1 ||     1
  Eat: Chunk             |     1 |       ||     1
Armor: Animal skin       |    24 |     5 ||    29
Dodge: Dodged            |    50 |    11 ||    61
